 Dungeon Crawl Stone Soup version 0.19-a0-450-g98b348d (webtiles) character file.

2139 Duffy the Destroyer (level 9, 40/40 HPs)
             Began as a Deep Elf Conjurer on June 1, 2016.
             Quit the game in the Ecumenical Temple.
             The game lasted 00:09:38 (7361 turns).

Duffy the Destroyer (Deep Elf Conjurer)             Turns: 7361, Time: 00:09:39

Health: 40/40      AC:  6    Str:  5    XL:     9   Next: 9%
Magic:  23/23      EV: 13    Int: 24    God:
Gold:   406        SH:  0    Dex: 15    Spells: 5 memorised, 9 levels left

rFire  + . .     SeeInvis .     (no weapon)
rCold  . . .     Gourm    .     a - +0 robe
rNeg   . . .     Faith    .     (no shield)
rPois  +         Spirit   .     k - +0 helmet
rElec  .         Dismiss  .     (no cloak)
rCorr  .         Reflect  .     d - +0 pair of gloves
SustAt .         Harm     .     (no boots)
MR     .....                    (no amulet)
Stlth  ++........               q - ring of poison resistance
                                G - ring of protection from fire

@: not resistant to hostile enchantments, unstealthy
A: slimy green scales 1, frail 1
a: no special abilities


You were in the Ecumenical Temple.
You were near starving.

You visited 2 branches of the dungeon, and saw 8 of its levels.

You collected 406 gold pieces.


Innate Abilities, Weirdness & Mutations

You are partially covered in slimy green scales. (AC +2)
You are frail. (-10% HP)


   Skills:
 - Level 2.4 Dodging
 - Level 2.4 Stealth
 + Level 8.7 Spellcasting
 + Level 9.5 Conjurations
 - Level 5.4 Hexes
 - Level 7.2 Charms


You had 9 spell levels left.
You knew the following spells:

 Your Spells              Type           Power        Failure   Level  Hunger
a - Magic Dart            Conj           ####         1%          1    None
c - Iskenderun's Mystic   Conj           ######..     1%          4    ##.....
i - Iskenderun's Battles  Conj/Chrm      ######..     6%          5    ####...
n - Fulminant Prism       Conj/Hex       #####.....   2%          4    ##.....
s - Searing Ray           Conj           ######       1%          2    None

Inventory:

Hand Weapons
 B - the +10 falchion "Spider's Regret" {antimagic, +Blink Str+3}

   It reduces the magical energy of the wielder, and disrupts the spells and
   magical abilities of those hit.
   Natural abilities and divine invocations are not affected.
   It affects your strength (+3).
   It lets you blink.
Missiles
 x - a throwing net (quivered)
Armour
 a - a +0 robe (worn)
 d - a +0 pair of gloves (worn)
 k - a +0 helmet (worn)
 s - a +0 hat
Jewellery
 q - a ring of poison resistance (right hand)
 t - a +5 ring of strength
 G - a ring of protection from fire (left hand)
Wands
 w - a wand of acid (3/15)
 z - a wand of iceblast (6/15)
 E - a wand of random effects (36/48)
Scrolls
 f - 5 scrolls of teleportation {unknown}
 g - a scroll of fear {unknown}
 i - 11 scrolls of identify {unknown}
 j - a scroll of blinking {unknown}
 p - a scroll of magic mapping {unknown}
 r - a scroll of random uselessness {unknown}
 y - a scroll of recharging {unknown}
 F - a scroll of remove curse {unknown}
Potions
 e - a potion of curing {unknown}
 l - 4 potions of mutation {unknown}
 m - a potion of degeneration {unknown}
 n - 3 potions of might {unknown}
 o - a potion of berserk rage {unknown}
 u - a potion of resistance {unknown}
 v - 2 potions of flight {unknown}
 A - a potion of agility {unknown}
 D - a potion of haste {unknown}
Books
 b - a book of Conjurations
 C - a book of the Warp
Comestibles
 c - 2 bread rations
 h - a meat ration

Dungeon Overview and Level Annotations

Branches:
Dungeon (7/15)             Temple (1/1) D:7

Altars:
Ashenzari
Cheibriados
Dithmenos
Elyvilon
Fedhas
Hepliaklqana
Kikubaaqudgha
Makhleb
Nemelex Xobeh
Okawaru
Pakellas
Qazlal
Ru
Sif Muna
Trog
Uskayaw
Vehumet
Xom
Yredelemnul
The Shining One

Shops:
D:6 [


Message History

Cast which spell? (? or * to list)
Aiming: Searing Ray
Press: ? - help, Shift-Dir - straight line, f - hound zombie
Aim: a hound zombie The searing ray hits the hound zombie.
The hound zombie closely misses you.
The searing ray hits the hound zombie.
The hound zombie bites you but does no damage.
The searing ray hits the hound zombie.
You destroy the hound zombie!
You finish channeling your searing ray.
(D) Dungeon (T) Temple
Where to? (* - list waypoints, Enter - Temple, ? - help)
A necrophage comes into view.
You are near starving!
There is a staircase to the Ecumenical Temple here.
You climb downwards.
Welcome to the Ecumenical Temple!
Found four altars.
There is a staircase back to the Dungeon here.
Magic restored.
Found a sparkling altar of Nemelex Xobeh.
Found a hazy altar of Hepliaklqana.
Found a radiant altar of Vehumet.
Found a shattered altar of Ashenzari.
Found a blossoming altar of Fedhas.
Found a white marble altar of Elyvilon.
Found a snail-covered altar of Cheibriados.
Found an ancient bone altar of Kikubaaqudgha.
Done exploring.
Done exploring.
Done exploring.
Done exploring.
Done exploring.
Done exploring.
Done exploring.
Done exploring.
Done exploring.
Done exploring.
Done exploring.
Done exploring.
Done exploring.
Done exploring.
Done exploring.
Done exploring.
Done exploring.
Done exploring.
Done exploring.
Done exploring.
Done exploring.
Done exploring.
Are you sure you want to abandon this character and quit the game? (Confirm with "yes".)

#############
#####...........##
####@................
###....................
###.............._.......
##........._............._
##.........................
##..........................
#........_..................
##.................}...}.....
#............................


There were no monsters in sight!

Action                   |  1- 3 |  4- 6 |  7- 9 || total
-------------------------+-------+-------+-------++-------
 Cast: Magic Dart        |    74 |    58 |   119 ||   251
       Searing Ray       |       |    13 |    28 ||    41
       Fulminant Prism   |       |     1 |     1 ||     2
       Iskenderun's Batt |       |       |     3 ||     3
  Eat: Chunk             |     1 |     7 |    11 ||    19
       Beef jerky        |       |       |     1 ||     1
Armor: Robe              |     1 |     2 |    25 ||    28
Dodge: Dodged            |     5 |    18 |    40 ||    63

Notes
Turn   | Place    | Note
--------------------------------------------------------------
     0 | D:1      | Duffy the Deep Elf Conjurer began the quest for the Orb.
     0 | D:1      | Reached XP level 1. HP: 10/10 MP: 6/6
   307 | D:1      | Reached XP level 2. HP: 15/15 MP: 6/8
   311 | D:1      | Learned a level 2 spell: Searing Ray
  1007 | D:2      | Reached skill level 5 in Conjurations
  1066 | D:2      | Found a shadowy altar of Dithmenos.
  1095 | D:2      | Found a sacrificial altar of Ru.
  1161 | D:2      | Reached XP level 3. HP: 13/19 MP: 0/10
  1349 | D:2      | Noticed Jessica
  1354 | D:2      | Killed Jessica
  1354 | D:2      | Reached skill level 4 in Spellcasting
  1607 | D:2      | Reached XP level 4. HP: 24/24 MP: 4/12
  1669 | D:2      | Learned a level 4 spell: Fulminant Prism
  1674 | D:2      | Learned a level 4 spell: Iskenderun's Mystic Blast
  2012 | D:3      | Noticed an ogre
  2142 | D:3      | Reached skill level 1 in Hexes
  2191 | D:3      | Found a burning altar of Makhleb.
  2196 | D:3      | Reached skill level 2 in Hexes
  2275 | D:3      | Reached skill level 6 in Conjurations
  2275 | D:3      | Reached XP level 5. HP: 20/28 MP: 4/13
  2650 | D:3      | Found a stormy altar of Qazlal.
  3126 | D:3      | Killed an ogre
  3126 | D:3      | Reached skill level 3 in Hexes
  3223 | D:4      | Reached XP level 6. HP: 32/32 MP: 9/14
  3243 | D:3      | Reached skill level 4 in Hexes
  3497 | D:4      | Reached skill level 7 in Conjurations
  3584 | D:3      | Reached skill level 5 in Hexes
  3584 | D:3      | Reached XP level 7. HP: 16/36 MP: 4/15
  3909 | D:4      | Found a shimmering altar of Xom.
  3913 | D:4      | Found a shimmering altar of Xom.
  4205 | D:5      | Entered Level 5 of the Dungeon
  4325 | D:4      | Reached skill level 5 in Spellcasting
  4558 | D:5      | Reached skill level 6 in Spellcasting
  4558 | D:5      | Reached skill level 8 in Conjurations
  4752 | D:5      | Reached XP level 8. HP: 41/41 MP: 14/20
  4759 | D:5      | Learned a level 5 spell: Iskenderun's Battlesphere
  4917 | D:5      | Reached skill level 1 in Charms
  5016 | D:5      | Reached skill level 7 in Spellcasting
  5016 | D:5      | Reached skill level 2 in Charms
  5129 | D:5      | Reached skill level 3 in Charms
  5611 | D:5      | Reached skill level 4 in Charms
  5643 | D:5      | Found a sparkling altar of Nemelex Xobeh.
  5660 | D:5      | Reached skill level 9 in Conjurations
  5792 | D:6      | Reached skill level 5 in Charms
  5973 | D:6      | Got a twisted falchion
  5974 | D:6      | Identified the +10 falchion "Spider's Regret" {antimagic, +Blink Str+3} (You found it on level 6 of the Dungeon)
  6098 | D:6      | Found Melenot's Armour Shop.
  6152 | D:6      | Found an iron altar of Okawaru.
  6253 | D:6      | Reached skill level 8 in Spellcasting
  6253 | D:6      | Reached skill level 6 in Charms
  6441 | D:6      | Found a glowing golden altar of the Shining One.
  6569 | D:6      | Reached skill level 7 in Charms
  6762 | D:6      | Reached XP level 9. HP: 40/45 MP: 18/23
  6862 | D:6      | Found a basalt altar of Yredelemnul.
  7030 | D:7      | Gained mutation: You are frail. (-10% HP) [mutagenic meat]
  7031 | D:7      | Gained mutation: You are partially covered in slimy green scales. (AC +2) [mutagenic meat]
  7252 | D:7      | Found a staircase to the Ecumenical Temple.
  7269 | Temple   | Entered the Ecumenical Temple
  7361 | Temple   | Quit the game

Skill      XL: |  1  2  3  4  5  6  7  8 |
---------------+-------------------------+-----
Conjurations   | 5 6 7 8 9 |  9.5
Spellcasting   | 4 6 8 |  8.7
Hexes          | 2 3 5 |  5.4
Charms         | 7 |  7.2
Dodging        | |  2.4
Stealth        | |  2.4

Vault maps used:
D:1:      minmay_arrival_stone_box
D:2:      nicolae_ru_awakened_eye, grunt_dithmenos_smoke, uniq_jessica
D:3:      makhleb_grotto_becter, nicolae_qazlal_general_emergency,
          minmay_gold_behind_fungi, st_stairs_5, glass_columns_b
D:4:      xom_redecorated
D:5:      first_bread, nemelex_diamond_rough_becter
D:6:      lemuel_zombie_altar_yredelemnul, nicolae_overflow_hidden_temple,
          marbit_many_paths, serial_shops, shop
D:7:      minmay_temple_entry_statues, hex_large
Temple:   circular_temple_12

Vanquished Creatures
  A sky beast
  3 ogres
  4 ice beasts
  2 phantoms
  2 centaurs
  3 giant frogs
  3 scorpions
  2 crimson imps
  A centaur zombie
  2 hounds
  A quasit
  2 giant frog skeletons Jessica
  5 orc wizards
  3 worker ants
  2 hound zombies
  A howler monkey zombie
  A worker ant zombie
  8 adders
  3 gnolls
  An ooze
  An adder zombie
  3 adder skeletons
  A worm
  2 dart slugs
  4 giant geckos
  11 orcs
  4 giant cockroaches
  2 gnoll zombies
  5 goblins
  7 hobgoblins
  8 jackals
  A quokka
  A ball python
  8 bats
  4 giant newts
  10 kobolds
  A quokka zombie
  7 rats
  2 fulminant prisms
  A fungus
134 creatures vanquished.
